 Dungeon Crawl Stone Soup version 0.29-a0-892-g2c4c91d9db (webtiles) character file.

Game seed: 7998624390417144570

582 kevlar127 the Ruffian (level 7, -16/71 HPs)
             Began as a Troll Berserker on July 22, 2022.
             Was a Believer of Trog.
             Demolished by an orc warrior
             ... wielding a +0 glaive of venom
              (24 damage)
             ... on level 6 of the Dungeon.
             The game lasted 00:07:12 (3388 turns).

kevlar127 the Ruffian (Troll Berserker)             Turns: 3388, Time: 00:07:13

Health: -16/71     AC:  5    Str: 28    XL:     7   Next: 14%
Magic:  6/6        EV: 10    Int:  3    God:    Trog [**....]
Gold:   253        SH:  0    Dex:  9    Spells: 6/6 levels left

rFire   . . .      SeeInvis .     - Unarmed
rCold   . . .      Faith    .   (no shield)
rNeg    . . .      Spirit   .   q - +1 robe {Will+}
rPois   .          Reflect  .   (helmet restricted)
rElec   .          Harm     .   (no cloak)
rCorr   .          Rampage  .   (gloves unavailable)
Will    +....                   (boots unavailable)
Stlth   +.........              (no amulet)
HPRegen 1.01/turn               (no ring)
MPRegen 0.10/turn               (no ring)

@: lethally poisoned (-16 -> -25)
A: large, unfitting armour, claws 3, regeneration 1, shaggy fur 1, tough skin 1
a: Renounce Religion, Berserk, Trog's Hand


You were on level 6 of the Dungeon.
You worshipped Trog.
Trog was pleased with you.
You visited 1 branch of the dungeon, and saw 6 of its levels.

You collected 253 gold pieces.

Inventory:

Missiles
 h - 29 stones (quivered)
 r - 6 boomerangs
 w - a throwing net
 z - 3 large rocks
Armour
 a - a +0 animal skin
 q - a +1 robe of willpower (worn)
Wands
 n - a wand of paralysis (10)
 y - a wand of iceblast (9)
Scrolls
 b - a scroll of vulnerability {unknown}
 c - a scroll of amnesia {unknown}
 e - 4 scrolls of identify {unknown}
 f - 2 scrolls of immolation {unknown}
 i - a scroll of torment {unknown}
 j - 3 scrolls of enchant weapon {unknown}
 k - 2 scrolls of teleportation {unknown}
 l - 5 scrolls of noise {unknown}
 p - 2 scrolls of acquirement {unknown}
 t - a scroll of magic mapping {unknown}
 u - a scroll of silence {unknown}
 A - a scroll of fog {unknown}
Potions
 d - 3 potions of curing
 g - 2 potions of haste {unknown}
 m - a potion of heal wounds {unknown}
 o - a potion of berserk rage {unknown}
 s - a potion of mutation {unknown}
 v - a potion of invisibility {unknown}
 x - a potion of lignification {unknown}


   Skills:
 + Level 4.9 Fighting
 + Level 1.0 Throwing
 - Level 3.0 Dodging
 + Level 5.9 Unarmed Combat


You had 6 spell levels left.
You didn't know any spells.
Your spell library was empty.

Dungeon Overview and Level Annotations

Branches:
Dungeon (5/15)
 Temple: D:4-7

Altars:
Sif Muna
The Shining One

Shops:
D:2 [


Innate Abilities, Weirdness & Mutations

You are too large for most types of armour.
You have claws for hands.
Your natural rate of healing is unusually fast.
You are covered in fur. (AC +1)
You have tough skin. (AC +1)


Message History

There are monsters nearby!
There are monsters nearby!
There are monsters nearby!
There are monsters nearby!
There are monsters nearby!
An orc priest and 2 orcs come into view.
Found 12 gold pieces.
Found a stone staircase leading down.
The orc priest shouts!
The orc shouts! x2; The orc wizard shouts!
The orc shouts!
The orc moves out of view.
An orc priest and an orc come into view.
The orc shouts!
You hear an angry hiss.
The orc moves out of view.
You mangle the orc priest!!
You kill the orc priest!
Trog accepts your kill.
Your Throwing skill increases to level 1!
You scratch the orc warrior.
The orc warrior is moderately wounded.
The orc warrior misses you.
The orc priest invokes the aid of Beogh against you.
Beogh smites you!
A water moccasin comes into view.
You scratch the orc warrior.
The orc warrior is moderately wounded.
The orc warrior hits you with a +0 glaive of venom!
You are poisoned.
The orc barely misses you.
You claw the orc warrior!
The orc warrior is severely wounded.
You feel very sick.
The orc warrior hits you with a +0 glaive of venom!
You are more poisoned.
The orc priest mumbles some strange prayers to Beogh against you.
Beogh smites you!
* * * LOW HITPOINT WARNING * * *
* * * LOW HITPOINT WARNING * * *
You feel very sick.
The orc warrior hits you with a +0 glaive of venom!!
You die...

########### #.........#
#.#######.# #.# #...#.#
#.# #.#.#.######### #.#
#...........:.#
######.###############.##
#>.......@o...............
$.........o...............
####.#####oo...#####.#####
#. o....+ #...... # o.o..#
####### .S...# .....#
.....# .....#


You could see an orc warrior, a water moccasin, an orc priest, an orc wizard and
4 orcs.

Vanquished Creatures
  Grinder (D:3)
  Blork the orc (D:5)
  A howler monkey (D:4)
  4 orc priests
  2 orc wizards
  An adder (D:3)
  A white imp (D:5)
  A worm (D:2)
  3 dart slugs
  5 orcs
  5 ball pythons
  9 bats
  7 endoplasms
  3 giant cockroaches
  11 goblins
  5 hobgoblins
  2 quokkas
  6 frilled lizards
  4 kobolds
  5 rats
77 creatures vanquished.

Vanquished Creatures (others)
  An orc (D:4)
1 creature vanquished.

Grand Total: 78 creatures vanquished

Notes
Turn   | Place    | Note
-------+----------+-------------------------------------------
     0 | D:1      | kevlar127 the Troll Berserker began the quest for the Orb.
     0 | D:1      | Reached XP level 1. HP: 22/22 MP: 0/0
    56 | D:1      | Found a faded altar of an unknown god.
   117 | D:1      | Reached XP level 2. HP: 29/29 MP: 1/1
   666 | D:1      | Reached ** piety under Trog
   754 | D:2      | Reached XP level 3. HP: 33/36 MP: 2/2
  1269 | D:2      | Found Bimioh Etru's Antique Armour Shop.
  1633 | D:3      | Reached XP level 4. HP: 29/45 MP: 3/3
  1888 | D:3      | Noticed Grinder
  1894 | D:3      | Killed Grinder
  1895 | D:3      | Reached skill level 5 in Unarmed Combat
  1895 | D:3      | Reached XP level 5. HP: 44/54 MP: 4/4
  1895 | D:3      | Reached XP level 6. HP: 51/62 MP: 5/5
  2474 | D:4      | Found a shimmering blue altar of Sif Muna.
  2547 | D:4      | Found a glowing golden altar of the Shining One.
  2867 | D:5      | Entered Level 5 of the Dungeon
  3257 | D:5      | Noticed Blork the orc
  3271 | D:5      | Killed Blork the orc
  3272 | D:5      | Reached XP level 7. HP: 54/71 MP: 6/6
  3344 | D:5      | You fall into a shaft and drop 1 floor!
  3385 | D:6      | Reached skill level 1 in Throwing
  3388 | D:6      | Demolished by an orc warrior

Illustrated notes

Levels and vault maps discovered:
D:1:      dpeg_arrival_subterranean_lakeside_camping, layout_loops_ring,
          ebering_ecumenical_altar_ruins
D:2:      layout_basic, serial_shops, nicolae_shop_behind_doors
D:3:      layout_loops_ring, corexii_leaking_fountain, uniq_grinder
D:4:      layout_cave_pools, mainiacjoe_overflow_catch_the_wave
D:5:      layout_basic, mainiacjoe_overflow_boulevard,
          minmay_temple_entry_enclosed_plants, uniq_blork_the_orc
D:6:      layout_basic, minmay_misc_feat_four_crosses

Skill      XL: |  1  2  3  4  5  6  7 |
---------------+----------------------+-----
Dodging        | 3 |  3.0
Fighting       | 3 4 |  4.9
Unarmed Combat | 5 |  5.9
Throwing       | 1 |  1.0

Action                   |  1- 3 |  4- 6 |  7- 9 || total
-------------------------+-------+-------+-------++-------
Melee: Unarmed           |   123 |    82 |     5 ||   210
       Punch             |     5 |     1 |       ||     6
Invok: Trog's Hand       |       |     1 |       ||     1
Armor: Animal skin       |    45 |    12 |       ||    57
       Robe              |       |     9 |       ||     9
Dodge: Dodged            |    76 |    39 |     2 ||   117

Table legend: (Time is in decaauts)
 A = Elapsed time spent in this place.
 B = Non-inter-level travel time spent in this place.
 C = Inter-level travel time spent in this place.
 D = Time resting spent in this place.
 E = Time spent auto-exploring this place.
 F = Levels seen in this place.
 G = Mean time per level.
                   A        B        C        D        E       F      G
               +--------+--------+--------+--------+--------+-----+--------+
         Total |   3375 |   3305 |     70 |    440 |   2319 |   6 |  562.5 |
       Dungeon |   3375 |   3305 |     70 |    440 |   2319 |   6 |  562.5 |
               +--------+--------+--------+--------+--------+-----+--------+

Top non-repeatable levels by time:
     D:3: 953 daAuts
     D:1: 742 daAuts
     D:2: 717 daAuts
     D:5: 475 daAuts
     D:4: 442 daAuts
     D:6: 43 daAuts
